[Event "Grand Prix Romania 1st Stage 2024"]
[Site "Bucuresti"]
[Date "2024.03.24"]
[Round "7.30"]
[White "Prelipcean, Eric-Matei"]
[Black "Grigore, George-Gabriel"]
[Result "0-1"]
[ECO "A48"]
[WhiteElo "2103"]
[BlackElo "2423"]
[Annotator "TA"]
[PlyCount "90"]
[EventDate "2024.03.20"]
[EventType "swiss"]
[EventCountry "ROU"]
[SourceTitle "playchess.com"]
[Source "ChessBase"]
[SourceQuality "1"]
[TimeControl "900+5"]

1. d4 Nf6 2. Nf3 g6 3. Bg5 Bg7 4. Nbd2 d6 5. e4 O-O 6. c3 c5 7. dxc5 dxc5 8. Be2 Nc6 9. O-O Qc7 10. Qc2 b6 11. Nc4 h6 12. Bh4 Nh5 13. Rfe1 {[%emt 0:00:14] The position is equal.} Bb7 14. Nfd2 Nf4 15. Bf1 Rad8 16. f3 (16. Bg3 $11) 16... g5 {[%emt 0:01:13] Black is much more active.} 17. Bf2 e6 18. a4 Rd7 19. a5 Rfd8 20. axb6 axb6 21. Nb3 {[%emt 0:00:10] [#]} (21. Red1 $1 $11 {keeps the balance.}) 21... b5 $1 $36 {[%emt 0:02:57][%mdl 2048] White is under strong pressure.} 22. Nca5 {[%emt 0:00:17] This costs White the game.} (22. Nxc5 $17 {only move.} bxc4 23. Nxd7 Rxd7 (23... Qxd7 24. Bxc4 Qc7 25. Reb1 $17) 24. Red1) 22... c4 $19 23. Bxc4 (23. Nxb7 {keeps fighting.} cxb3 (23... Qxb7 $2 24. Nc5 $18) 24. Qxb3 Qxb7 25. Qxb5) 23... bxc4 24. Nxc4 Nd3 25. Bb6 Nxe1 26. Rxe1 {[%emt 0:00:01] [#]} Qb8 27. Bxd8 (27. Nc5 Ne5) 27... Rxd8 (27... Nxd8 28. Nc5 Qa7 29. Qf2 $19) 28. Nc5 Ne5 29. Na5 (29. Nxb7 {was necessary.} Qa7+ (29... Qxb7 $2 30. Nxe5 Bxe5 31. g3 $19) (29... Nxc4 30. Nxd8 Qxd8 31. Kh1 $15) 30. Kf1 Qxb7 31. Nxe5 Bxe5 32. g3) 29... Ba8 {[%emt 0:00:28] ...Qb6 would now be deadly.} 30. b4 g4 31. Re3 (31. Rf1 $142) 31... gxf3 32. gxf3 Ng6 {[%emt 0:00:25] Threatens to win with ...Qf4.} 33. Rd3 Nf4 34. Rd7 Rxd7 35. Nxd7 Qc7 36. Nc5 {[%emt 0:00:07] [#]} Bxc3 $1 37. Ncb3 (37. Qb1 Qe5) 37... Qb6+ 38. Kh1 Qe3 39. Qd1 {[%emt 0:00:03] [#]} Bxe4 40. Qg1+ {[%emt 0:00:20] Black is clearly winning.} Qxg1+ 41. Kxg1 Bxf3 42. b5 Nd5 43. Kf2 Bd1 {[%emt 0:00:06] Strongly threatening ...e5.} 44. h4 Bxa5 45. Nxa5 Ba4 {[%emt 0:00:02] Weighted Error Value: White=1.12/Black=0.20 (precise) .  Loses game:     	White=1     	---        Mistake:       	White=5     	---        Inaccurate:     	White=1     	Black=1      OK:         	White=7     	Black=9      Best:        	---       	Black=1      Strong:       	---       	Black=1} 0-1

[Event "Grand Prix Romania 1st Stage 2024"]
[Site "Bucuresti"]
[Date "2024.03.24"]
[Round "7.31"]
[White "Vasilescu, Lucian-Mihail"]
[Black "Sofronie, Iulian"]
[Result "1-0"]
[ECO "A80"]
[WhiteElo "2116"]
[BlackElo "2395"]
[Annotator "TA"]
[PlyCount "135"]
[EventDate "2024.03.20"]
[EventType "swiss"]
[EventCountry "ROU"]
[SourceTitle "playchess.com"]
[Source "ChessBase"]
[SourceQuality "1"]
[TimeControl "900+5"]

1. d4 e6 2. Nf3 f5 3. Nbd2 Nf6 4. e3 b6 5. Bd3 Bb7 6. O-O Be7 7. Qe2 d5 8. Ne5 {[%emt 0:00:14] White has an edge.} O-O 9. f4 c5 10. c3 Nc6 11. Ndf3 Ne4 12. Bd2 Bf6 13. Rfd1 a5 14. Be1 Bxe5 15. dxe5 Qc8 16. Bh4 h6 17. c4 Nb4 18. Bxe4 (18. cxd5 $15 Nxd3 (18... Nxd5 19. Rac1 $11) (18... exd5 19. Bb1 $14) 19. Qxd3 Bxd5 20. Nd2) 18... fxe4 $17 (18... dxe4 $6 19. Ne1 $14) 19. Ne1 dxc4 20. Rd6 (20. Qxc4 $15 Bd5 21. Qb5) 20... Bd5 21. Rxb6 Rf7 22. Qg4 (22. Nc2 $17) 22... Rb8 23. Rd6 Qe8 24. Rd1 Nd3 (24... Nxa2 25. R1xd5 exd5 26. Rxh6 $16) 25. Nc2 (25. a3 $17 {was necessary.}) 25... Kh7 $19 (25... Rxb2 26. Rd8 $19) 26. Na3 Rf8 (26... Qa4 $19 27. Rxd5 exd5) 27. Rf1 (27. Nb1 $17) 27... Qg6 $2 ({Black should try} 27... Nxe5 $19 28. Qg3 (28. fxe5 $2 Rxf1+ 29. Kxf1 Rxb2 $19) 28... Nd3) 28. Qxg6+ $11 Kxg6 29. g4 {[%emt 0:00:01] Strongly threatening f5+.} Nxe5 30. fxe5 (30. f5+ $1 $11 {was the only way to keep the balance.} Kh7 31. fxe6 Rxf1+ 32. Kxf1 Nxg4 33. Ke1 Nxe3 34. Kd2 Nf1+ (34... Rxb2+ $2 35. Kxe3 Bxe6 36. Rxe6 $18) (34... Ng2 35. Rxd5 Nxh4 36. Ke3 $11) 35. Kc1 (35. Ke2 Rxb2+ 36. Kxf1 Bxe6 $18)) 30... Rxf1+ $17 31. Kxf1 Rxb2 32. Be1 {[%emt 0:00:42] Inhibits c3.} c3 $1 33. Bxc3 Rxa2 34. Nb1 a4 {[%emt 0:00:40][%cal Oa2c2][%mdl 1024] Hoping for ...Rc2! Black has strong compensation.} 35. h4 (35. Be1 $15) 35... Rh2 $2 (35... Rc2 $1 $19 36. Bd2 (36. Rb6 $2 a3 $19) 36... a3 37. Nxa3 Rxd2) 36. Be1 Rb2 (36... Rh1+ 37. Kf2 $16) 37. Nc3 Bc4+ 38. Kg1 a3 39. Rd7 a2 40. h5+ (40. Nxe4 h5 (40... a1=B 41. h5+ Kh7 42. Nf6+ Kh8 43. Rd8#) 41. Ra7 (41. Nxc5 a1=R 42. gxh5+ Kh6) 41... Rb1 $19) 40... Kh7 41. Ra7 $2 (41. Nxe4 $11 {and White stays safe.} Kg8 (41... a1=Q 42. Nf6+ Kh8 43. Rd8#) 42. Rd8+ (42. Nxc5 a1=Q 43. Rd8+ Kh7) 42... Kh7 43. Rd7) 41... Rc2 $2 (41... Rb1 $19 42. Rxa2 Rxe1+ 43. Kf2 Rf1+ 44. Kg2 Rf8) 42. Nxe4 $11 {[%emt 0:00:08] Nf6+ would kill now.} Bd5 $2 (42... Kg8 $11 43. Ra8+ (43. Nxc5 $2 Rc1 $19) 43... Kh7) 43. Nf6+ $18 Kh8 44. Nxd5 exd5 {[%emt 0:00:02][%mdl 4096] Endgame. KRB-KR} 45. e6 {[%emt 0:00:02] White wants to mate with e7.} Re2 46. Bc3 Rxe3 47. Bxg7+ Kg8 48. Bxh6 $2 ({White should play} 48. e7 $18) 48... Re1+ $11 49. Kf2 $1 (49. Kg2 $2 a1=Q 50. Rxa1 Rxa1 $19) 49... a1=Q 50. Rxa1 Rxa1 {[%emt 0:00:01] KR-KB} 51. e7 $1 Kf7 52. Bf8 {[%emt 0:00:07] Black must now prevent h6.} (52. Bg5 $2 Ra6 53. Bf4 Kxe7 $19) 52... Rh1 $2 (52... Ra4 $11 53. Kf3 Re4) 53. h6 $1 $18 c4 {[%emt 0:00:52] [#]} 54. g5 $1 {[%emt 0:00:05] White mates.} c3 {[%emt 0:00:09] [#]} 55. g6+ $1 Ke8 56. g7 c2 57. g8=Q (57. g8=R {gets mated.} c1=Q (57... c1=B 58. Kg2 $14) 58. Bg7+ Kxe7 59. Bf8+ Ke6 (59... Kf7 60. Bd6 Qd2+ 61. Kf3 Rf1+ 62. Kg3 Qf2+ 63. Kg4 Qf3+ 64. Kg5 Rg1+ 65. Bg3 Qxg3+ 66. Kh5 Qh3#) (59... Kf7 {leads to mate.} 60. Rg7+ Kxf8 61. Rg8+ Kxg8 62. h7+ Rxh7 63. Kf3 Rf7+ 64. Ke2 Qb2+ 65. Ke1 d4 66. Kd1 Rf1#)) 57... Rf1+ 58. Kxf1 c1=Q+ {[%emt 0:00:02] [#]} 59. Kg2 $1 Qc2+ 60. Kh3 Qf5+ 61. Qg4 Qf1+ 62. Kh4 Qf6+ 63. Qg5 Qf2+ 64. Kh5 Qe2+ 65. Qg4 Qe5+ 66. Kg6 Qd6+ 67. Kg7 Qe5+ 68. Kg8 {[%emt 0:00:02] Quite a comeback for White.   Weighted Error Value: White=0.44/Black=0.46.  Loses game:     	White=1     	Black=2      Missed win:     	---       	Black=3      Mistake:       	White=7     	Black=1      Inaccurate:     	White=3     	Black=8      OK:         	White=10    	Black=12     Best:        	White=6     	Black=3      Strong:       	White=3     	Black=1} 1-0

[Event "Grand Prix Romania 1st Stage 2024"]
[Site "Bucuresti"]
[Date "2024.03.24"]
[Round "7.32"]
[White "Stoyanov, Tsvetan"]
[Black "Tanasie, Cosmin"]
[Result "1/2-1/2"]
[ECO "B31"]
[WhiteElo "2465"]
[BlackElo "2009"]
[Annotator "TA"]
[PlyCount "94"]
[EventDate "2024.03.20"]
[EventType "swiss"]
[EventCountry "ROU"]
[SourceTitle "playchess.com"]
[Source "ChessBase"]
[SourceQuality "1"]
[TimeControl "900+5"]

1. e4 c5 2. Nf3 Nc6 3. Bb5 g6 4. Bxc6 dxc6 5. d3 Bg7 6. h3 Nh6 {[%emt 0:00:04] B31: Sicilian: 2...Nc6 3 Bb5 g6.} 7. Nc3 {[%emt 0:00:27] 7.0-0 is vanishing.} f6 8. Be3 b6 9. a4 a5 10. d4 cxd4 11. Nxd4 Qc7 $146 ({Predecessor:} 11... Bd7 12. f4 e5 13. fxe5 fxe5 14. Nf3 Nf7 15. Qd2 Qc7 16. Qf2 Rb8 17. O-O-O O-O {½-½ Kosakowski,J (2318)-Shishkin,V (2448) Baltic Cup 2nd 2018 (7)}) 12. f4 Nf7 13. O-O e5 14. fxe5 Nxe5 15. Qe1 O-O 16. Qg3 Qe7 17. Rad1 Bb7 18. Bf4 Rfe8 19. Kh1 Rad8 20. h4 Qb4 21. Nb3 (21. Nf3 $15) 21... b5 (21... Rxd1 $17 22. Rxd1 Bc8) 22. Be3 $2 (22. Ra1 $11 {and White has nothing to worry.}) 22... bxa4 $19 23. Nc5 Bc8 (23... Qxb2 24. N3xa4 Rxd1 (24... Qxc2 25. Rc1 $11) 25. Nxb2) (23... Rxd1 $19 24. Nxd1 Bc8) 24. N3xa4 Bg4 (24... Qb5 $17) 25. Rxd8 Rxd8 26. Bf4 Rd1 27. Rxd1 Bxd1 28. Bxe5 fxe5 29. Qf2 (29. Kh2 $11 {remains equal.}) 29... Bh6 (29... Qd4 $17 30. Qg3 Qc4 (30... Bxc2 31. Qh3 $17)) 30. Nc3 (30. c3 {simplifies} Qc4 31. Nb6 Qe2 32. Qxe2 Bxe2 33. g3) 30... Bxc2 $1 31. Nd7 (31. Qxc2 $15 Qxc5 32. Qb3+ Kh8 33. Qb8+ Bf8 34. h5) 31... Qe7 (31... Bxe4 $2 32. Nxe4 (32. Nxe5 $2 Bf4 $19) 32... Bg7 33. Nef6+ Kh8 34. Nxe5 $18) (31... Qxb2 $19 {has better winning chances.} 32. Ne2 Bg7 (32... Bxe4 33. Nf6+ Kg7 34. Ne8+ Kh8 35. Qf6+ Kg8 36. Qe7 $11) 33. Nf6+ Kh8) 32. Nf6+ $17 Kg7 33. Ng4 Bb3 (33... Bc1 $5 34. h5 (34. Qxc2 $2 Qxh4+ 35. Nh2 Qe1+ $19) 34... Bb3 $15 (34... gxh5 35. Nh2 $11)) 34. Nxh6 Kxh6 35. Ne2 (35. Qe3+ $15 Kg7 36. h5) 35... Kg7 36. Kg1 (36. Ng1 $17 {might work better.}) 36... Qb4 $19 37. Qe3 Bc4 (37... Qe1+ $19 {and Black stays clearly on top.} 38. Kh2 Qxh4+ 39. Kg1 Qe1+ 40. Kh2 Qh4+ 41. Kg1 Bf7) 38. Ng3 (38. Kh2 $17) 38... Qxb2 $19 39. Qg5 Qd4+ 40. Kh2 {[#]} Kf7 ({Better is} 40... Qc5 $1 $19 41. h5 a4 42. Nf5+ Kf7) 41. Qh6 ({White should try} 41. h5 $1 $15) 41... Kg8 $17 42. h5 Qd6 43. Qg5 (43. Nf5 Qf6 (43... gxf5 $2 44. Qxd6 f4 45. Qxe5 $18) 44. Kg1 Bf7 $19) 43... Kf7 (43... Bf7 $17 {...c5 is the strong threat.} 44. Nf5 Qc7) 44. Qh6 $1 $11 Kg8 (44... Kf6 $11) 45. Qg5 $1 $17 ({Don't blunder} 45. Nf5 $2 Qf6 (45... gxf5 $2 46. Qxd6 f4 47. Qxe5 $18) 46. hxg6 hxg6 $19) 45... Kf7 (45... Bf7 $17 {aiming for ...Qc7.} 46. Nf5 Qc7) 46. Qh6 $1 $11 Kg8 (46... Ke8 $11 47. Qxh7 gxh5) 47. Qg5 $1 $17 ({Not} 47. Nf5 $2 Qf6 (47... gxf5 $2 {loses.} 48. Qxd6 f4 49. Qxe5 $18) 48. Kg1 Bb5 49. hxg6 hxg6 $19) 47... Kf7 (47... Bf7 $17 48. Nf5 Qc7) 1/2-1/2

[Event "Grand Prix Romania 1st Stage 2024"]
[Site "Bucuresti"]
[Date "2024.03.24"]
[Round "7.33"]
[White "Puskas, Andras"]
[Black "Vedmediuc, Serghei"]
[Result "0-1"]
[ECO "E73"]
[WhiteElo "2097"]
[BlackElo "2452"]
[Annotator "TA"]
[PlyCount "79"]
[EventDate "2024.03.20"]
[EventType "swiss"]
[EventCountry "ROU"]
[SourceTitle "playchess.com"]
[Source "ChessBase"]
[SourceQuality "1"]
[TimeControl "900+5"]

1. d4 g6 2. c4 Bg7 3. Nc3 d6 4. e4 Nc6 5. Be3 Nf6 6. Be2 O-O 7. h4 (7. d5 $14 {feels stronger.} Ne5 8. h3) 7... e5 $11 {[%emt 0:00:06] Black wants to play ...exd4.} 8. d5 {[%emt 0:00:06] [#]} Nd4 9. Qd2 {[%emt 0:01:13] The position is equal.} (9. h5 Nxe2) 9... Nxe2 10. Qxe2 Ng4 11. Bg5 f6 12. Bd2 f5 13. f3 (13. h5 $11 {keeps the balance.}) 13... Nf6 $17 14. Bg5 h6 15. Bd2 (15. Bxf6 $15 Qxf6 (15... Bxf6 16. g3 $15) 16. Qe3) 15... a6 16. O-O-O {[%emt 0:00:17] [#]} b5 $1 17. Nh3 (17. exf5 $17 {might work better.} gxf5 18. cxb5) (17. a3 Rb8) 17... b4 $19 18. Nb1 fxe4 19. Bxb4 exf3 20. gxf3 e4 21. Nd2 (21. Bc3 $142) 21... exf3 22. Nxf3 Ng4 (22... Nh5 $142 23. Qg2 Qe8) 23. Nd4 Bd7 {[%emt 0:00:45] [#] A strong pair of Bishops.} (23... Qxh4 24. Ne6 Bxe6 25. Qxe6+ Kh8 (25... Kh7 26. Rdg1 $11) 26. Bd2) (23... Ne5 $17 24. Qe4 Bg4 (24... Nxc4 25. Nf4 $15)) 24. Bc3 $2 (24. Ne6 $1 $16 {[%cal Re6d8] is necessary to keep the advantage.} Qxh4 25. Rdg1) 24... Qe8 25. Rde1 (25. Ne6 $15 Bxe6 26. dxe6) 25... Qxe2 $17 26. Rxe2 Rae8 {[%emt 0:00:31] Wards off Re7} 27. Rxe8 Rxe8 ({Not} 27... Bxe8 28. Ne6 Bxc3 29. Nxf8 $16) 28. Kd2 Re4 {[%emt 0:01:06] Dodges Nf4} 29. Kd3 Re3+ 30. Kd2 Rg3 {[%emt 0:00:02] Black is more active.} (30... Be5 $142 31. a3 Rg3) 31. Nf4 Ne5 32. b3 h5 $36 {[%emt 0:00:25][%mdl 2048] White must now prevent ...Bh6. Black has good play.} (32... Nf3+ $5 33. Nxf3 Bxc3+ 34. Ke3 (34. Kxc3 $2 {loses.} Rxf3+ 35. Nd3 Bf5 $17) 34... Ba5 $17) 33. Nde2 (33. Kc2 $15) 33... Rg4 {[%emt 0:00:03] Threatens to win with ...Bh6.} 34. Bxe5 dxe5 35. Ne6 Bxe6 36. dxe6 Bf6 37. Rf1 Bxh4 38. Rf7 (38. Kd3 $142) 38... Bg5+ $19 39. Kd3 (39. Ke1 $142) 39... h4 40. Rxc7 {[%emt 0:00:10] Weighted Error Value: White=0.43/Black=0.31.  Mistake:       	White=10    	Black=3      Inaccurate:     	White=3     	Black=2      OK:         	White=7     	Black=14     Best:        	White=3     	Black=3      Brilliant:      	---       	Black=1} (40. Rf2 {was worth a try.}) 0-1

[Event "Grand Prix Romania 1st Stage 2024"]
[Site "Bucuresti"]
[Date "2024.03.24"]
[Round "7.34"]
[White "Toma, Iustin"]
[Black "Stepanencu, Nicodim-Cosmin"]
[Result "1/2-1/2"]
[ECO "B11"]
[WhiteElo "1891"]
[BlackElo "2278"]
[Annotator "RC"]
[PlyCount "130"]
[EventDate "2024.03.20"]
[EventType "swiss"]
[EventCountry "ROU"]
[SourceTitle "playchess.com"]
[Source "ChessBase"]
[SourceQuality "1"]
[TimeControl "900+5"]

1. e4 c6 2. Nc3 d5 3. Nf3 dxe4 4. Nxe4 Nf6 5. Qe2 Na6 6. d4 Nxe4 7. Qxe4 Qd5 8. Qxd5 cxd5 9. Ne5 Nb8 10. Bb5+ Nd7 11. Bf4 f6 12. Nxd7 Bxd7 13. Bd3 Kf7 14. a4 g6 15. Kd2 Bg7 16. Rhe1 Rhe8 17. c3 e5 18. Be3 e4 19. Bc2 a5 20. f3 exf3 21. gxf3 Ra6 22. Bf4 Rc8 23. Re2 Bf8 24. Bb3 Be6 25. Rae1 Rd8 26. Bc2 Rc6 27. Bd3 Bd6 28. Bg3 Bxg3 29. hxg3 Rdd6 30. Bb5 Rc7 31. g4 Re7 32. b3 h6 33. Re3 Rd8 34. Rh1 Rh8 35. Bd3 f5 36. gxf5 Bxf5 37. Rxe7+ Kxe7 38. Bxf5 gxf5 39. Ke3 Rc8 40. Kd3 Rc6 41. c4 Rb6 42. Kc3 dxc4 43. bxc4 Rg6 44. Rh3 b6 45. c5 bxc5 46. dxc5 Kd7 47. Kc4 Kc6 48. Rh5 Rf6 49. f4 Re6 50. Rxf5 Re4+ 51. Kb3 Re3+ 52. Kb2 Rh3 53. Re5 h5 54. Kc2 h4 55. Rh5 Rh1 56. Kd2 h3 57. Ke2 Ra1 58. Rxh3 Rxa4 59. f5 Rf4 60. Rf3 Rxf3 61. Kxf3 Kxc5 62. Ke3 a4 63. f6 Kd6 64. Kd3 Ke6 65. Kc3 Ke5 1/2-1/2

[Event "Grand Prix Romania 1st Stage 2024"]
[Site "Bucuresti"]
[Date "2024.03.24"]
[Round "7.35"]
[White "Lehaci, Miruna-Daria"]
[Black "Filip, Lucian-Ioan"]
[Result "0-1"]
[ECO "A45"]
[WhiteElo "2247"]
[BlackElo "2359"]
[Annotator "RC"]
[PlyCount "80"]
[EventDate "2024.03.20"]
[EventType "swiss"]
[EventCountry "ROU"]
[SourceTitle "playchess.com"]
[Source "ChessBase"]
[SourceQuality "1"]
[TimeControl "900+5"]

1. d4 Nf6 2. Bf4 g6 3. Nc3 d5 4. e3 Bg7 5. h4 h5 6. Nf3 O-O 7. Ne5 c5 8. Qd2 cxd4 9. exd4 Nc6 10. O-O-O Bf5 11. Bb5 Nb4 12. Ba4 Qa5 13. Bb3 Rac8 14. a3 Nc6 15. f3 Rfd8 16. Kb1 b5 17. g4 hxg4 18. h5 Nxe5 19. dxe5 Nxh5 20. Bh6 Bxh6 21. Qxh6 Rxc3 22. fxg4 Bxg4 23. Bxd5 e6 24. Bxe6 Rxd1+ 25. Rxd1 Bxe6 26. bxc3 Qc7 27. Qg5 Kg7 28. Rd4 Qxc3 29. Rb4 Bf5 30. Qg2 Qxe5 31. Qf1 a6 32. Qd1 Nf6 33. Rb2 Nd5 34. Kc1 Ne3 35. Qe1 Qc5 36. Kb1 Nxc2 37. Qg3 Nxa3+ 38. Ka2 Nc2 39. Kb1 Qd4 40. Rxc2 Qd1+ 0-1

[Event "Grand Prix Romania 1st Stage 2024"]
[Site "Bucuresti"]
[Date "2024.03.24"]
[Round "7.36"]
[White "Toma, Radu-Cristian"]
[Black "Capata, Ion"]
[Result "1-0"]
[ECO "D30"]
[WhiteElo "2386"]
[BlackElo "2038"]
[Annotator "RC"]
[PlyCount "122"]
[EventDate "2024.03.20"]
[EventType "swiss"]
[EventCountry "ROU"]
[SourceTitle "playchess.com"]
[Source "ChessBase"]
[SourceQuality "1"]
[TimeControl "900+5"]

1. d4 d5 2. c4 e6 3. Nf3 Nf6 4. e3 c5 5. Be2 cxd4 6. Nxd4 Bb4+ 7. Bd2 Bxd2+ 8. Nxd2 O-O 9. O-O b6 10. b4 Bb7 11. Qb3 dxc4 12. Nxc4 Bd5 13. Bf3 Nbd7 14. Nc6 Bxc6 15. Bxc6 Rc8 16. Bb7 Rb8 17. Bf3 Qc7 18. Rac1 Ne5 19. Be2 Nxc4 20. Rxc4 Qe5 21. Rfc1 Rfd8 22. Qc2 g6 23. Bf3 Nd5 24. a3 a5 25. Re4 Qf6 26. b5 Qe7 27. Qb2 Rdc8 28. Rec4 Rxc4 29. Rxc4 Qf6 30. Qc1 Rd8 31. h3 Qe7 32. Rc6 Rb8 33. e4 Nf6 34. Qf4 Nd7 35. Qc7 Qd8 36. Qa7 Ra8 37. Qc7 Qxc7 38. Rxc7 Ne5 39. Be2 Rd8 40. Rb7 Rd2 41. Kf1 Ra2 42. f4 Rxe2 43. Kxe2 Nc4 44. Kd3 Nxa3 45. Rxb6 Kf8 46. Rb7 Ke8 47. g4 h5 48. gxh5 gxh5 49. Kc3 Nb1+ 50. Kc2 Na3+ 51. Kb3 Nb1 52. e5 Nd2+ 53. Kc3 Ne4+ 54. Kd4 Nd2 55. b6 a4 56. Ra7 Kd8 57. Rxa4 Kc8 58. Ra7 Nf3+ 59. Ke3 Nh4 60. Rxf7 Nf5+ 61. Rxf5 exf5 1-0

[Event "Grand Prix Romania 1st Stage 2024"]
[Site "Bucuresti"]
[Date "2024.03.24"]
[Round "7.37"]
[White "Arandjelovic, Aleksandar Z"]
[Black "Cosma, Ioan"]
[Result "0-1"]
[ECO "E30"]
[WhiteElo "1887"]
[BlackElo "2316"]
[Annotator "RC"]
[PlyCount "100"]
[EventDate "2024.03.20"]
[EventType "swiss"]
[EventCountry "ROU"]
[SourceTitle "playchess.com"]
[Source "ChessBase"]
[SourceQuality "1"]
[TimeControl "900+5"]

1. d4 Nf6 2. c4 e6 3. Nc3 Bb4 4. Bg5 c5 5. d5 exd5 6. cxd5 d6 7. e3 Nbd7 8. Bd3 Qa5 9. Nge2 Nxd5 10. O-O Bxc3 11. bxc3 c4 12. Bc2 O-O 13. Nd4 Nxc3 14. Qg4 Ne5 15. Qg3 Nd3 16. Bf6 g6 17. Qh4 Qh5 18. Qxh5 gxh5 19. Be7 Re8 20. Bxd6 Bd7 21. a4 Ne4 22. Ba3 b6 23. f3 Nec5 24. Bxd3 Nxd3 25. e4 Bxa4 26. Nf5 Bd7 27. Nd6 b5 28. f4 b4 29. Nxe8 Bxe8 30. Bc1 Nxc1 31. Rfxc1 c3 32. Ra5 Bc6 33. Re1 Rc8 34. Rc5 Bd7 35. Rxc8+ Bxc8 36. Kf2 b3 37. Ke3 a5 38. Kd4 c2 39. Kc3 a4 40. Kb2 Bb7 41. Ra1 Bc6 42. g3 Kf8 43. h3 Ke7 44. Re1 Kd6 45. g4 Kc5 46. Kc3 hxg4 47. hxg4 Bxe4 48. f5 Bf3 49. g5 Bd1 50. Kb2 a3+ 0-1

[Event "Grand Prix Romania 1st Stage 2024"]
[Site "Bucuresti"]
[Date "2024.03.24"]
[Round "7.38"]
[White "Popescu, Stefan-Claudiu"]
[Black "Dobre, Claudiu-Cristian"]
[Result "0-1"]
[ECO "C20"]
[WhiteElo "1980"]
[BlackElo "2259"]
[Annotator "RC"]
[PlyCount "56"]
[EventDate "2024.03.20"]
[EventType "swiss"]
[EventCountry "ROU"]
[SourceTitle "playchess.com"]
[Source "ChessBase"]
[SourceQuality "1"]
[TimeControl "900+5"]

1. e4 Nc6 2. g3 e5 3. Bg2 Bc5 4. Nf3 d6 5. c3 Nf6 6. Qc2 a5 7. O-O O-O 8. d3 Nh5 9. Bg5 f6 10. Be3 a4 11. Bxc5 dxc5 12. Na3 Be6 13. Rfd1 Qd7 14. Nc4 Qf7 15. b3 b5 16. Ncd2 g6 17. bxa4 bxa4 18. Nf1 Rfd8 19. Ne3 Ng7 20. Nd5 Na7 21. Qxa4 c6 22. Nb6 Rab8 23. Nc4 Nb5 24. Qc2 Bxc4 25. dxc4 Qxc4 26. Rxd8+ Rxd8 27. Rd1 Nd4 28. Qb2 Ne2+ 0-1

[Event "Grand Prix Romania 1st Stage 2024"]
[Site "Bucuresti"]
[Date "2024.03.24"]
[Round "7.39"]
[White "Lauda, Alexandr"]
[Black "Barbu, Simon-Alexandru"]
[Result "1-0"]
[ECO "B11"]
[WhiteElo "2198"]
[BlackElo "1998"]
[Annotator "RC"]
[PlyCount "43"]
[EventDate "2024.03.20"]
[EventType "swiss"]
[EventCountry "ROU"]
[SourceTitle "playchess.com"]
[Source "ChessBase"]
[SourceQuality "1"]
[TimeControl "900+5"]

1. e4 c6 2. Nc3 d5 3. Nf3 dxe4 4. Nxe4 Nf6 5. Ng3 h5 6. h4 Bg4 7. Be2 e6 8. Ne5 Bxe2 9. Qxe2 Qd5 10. c4 Qxg2 11. Nf3 Ng4 12. Rg1 Qh3 13. d4 Nh2 14. Nxh2 Qxh2 15. Qf1 Qxh4 16. Bd2 Qxd4 17. O-O-O h4 18. Bg5 Qb6 19. Qd3 Be7 20. Bxe7 Kxe7 21. Qd6+ Ke8 22. Nf5 1-0

[Event "Grand Prix Romania 1st Stage 2024"]
[Site "Bucuresti"]
[Date "2024.03.24"]
[Round "8.1"]
[White "Sargsyan, Shant"]
[Black "Kozak, Adam"]
[Result "1/2-1/2"]
[ECO "B52"]
[WhiteElo "2637"]
[BlackElo "2607"]
[Annotator "TA"]
[PlyCount "29"]
[EventDate "2024.03.20"]
[EventType "swiss"]
[EventCountry "ROU"]
[SourceTitle "playchess.com"]
[Source "ChessBase"]
[SourceQuality "1"]
[TimeControl "900+5"]

1. e4 c5 2. Nf3 d6 3. Bb5+ Bd7 4. c4 Nf6 5. Nc3 Nc6 6. O-O g6 7. d4 cxd4 8. Nxd4 Bg7 9. Bxc6 bxc6 10. c5 O-O 11. cxd6 exd6 12. Bf4 {[%emt 0:00:12] Die Stellung ist ausgeglichen.} d5 13. exd5 $1 Nxd5 14. Nxd5 cxd5 15. Qd2 {[%emt 0:00:22] Hier war wenig los.   Gewichteter Fehlerwert: Weiß=0.06 (makellos) /Schwarz=0.06 (makellos) .  OK:         	Weiß=2     	Schwarz=3     Stark:        	Weiß=1     	---} 1/2-1/2